[ AOE2 MATCH · #505550605 ]
UnrankedTupi vs Wu
Player's team · WIN
Rival team · LOSS
[ REPLAY ANALYSIS · EXTRACTED FROM THE RECORDED GAME ]
Feudal
9:40
Castle
19:30
Imperial
32:23
| APM avg | 54.4 |
| APM peak | 97 |
| eAPM avg | 23.6 |
| Villagers / military | 65 / 4 |
Focus
⚔️ 46.6% · 🌾 53.4%
Unknown (2579) ×50 · Archer ×4 · Unknown (2550) ×1 · Unknown (2582) ×1
Feudal
15:05
Castle
19:02
Imperial
—
| APM avg | 58.1 |
| APM peak | 110 |
| eAPM avg | 27.9 |
| Villagers / military | 65 / 6 |
Focus
⚔️ 57.9% · 🌾 42.1%
Unknown (1968) ×68 · Militia ×5 · Mangonel ×1 · Unknown (1974) ×1
Match map
Initial resources + every placement click. Lines = walls · curves = elevation contours. ◆ gold · ⬟ stone · ● berries · ✦ relic · ◌ wall gap
Your base· Open — unwalled flank
RedPhosphoru's base· Open — 4t gap
Smoothed initial terrain · ◌ = detected wall gap · hover for details
Inputs per minute
— Survivalist - - RedPhosphoru
Build order — Survivalist
First 150 of 224 actions detected
| 0:00 | Create | Villager (Male) |
| 0:01 | Build | House |
| 0:02 | Build | House |
| 0:05 | Create | Villager (Male) |
| 0:05 | Create | Villager (Male) |
| 0:07 | Create | Villager (Male) |
| 0:07 | Create | Villager (Male) |
| 0:59 | Create | Villager (Male) |
| 0:59 | Create | Villager (Male) |
| 1:28 | Create | Villager (Male) |
| 1:28 | Create | Villager (Male) |
| 1:44 | Build | Settlement |
| 2:00 | Create | Villager (Male) |
| 2:15 | Create | Villager (Male) |
| 2:15 | Create | Villager (Male) |
| 2:45 | Create | Villager (Male) |
| 3:27 | Create | Villager (Male) |
| 4:09 | Create | Villager (Male) |
| 4:17 | Build | Settlement |
| 4:22 | Create | Villager (Male) |
| 4:24 | Create | Villager (Male) |
| 4:28 | Create | Villager (Male) |
| 4:45 | Build | Palisade Wall |
| 4:58 | Build | Palisade Wall |
| 4:59 | Build | Palisade Wall |
| 4:59 | Build | Palisade Wall |
| 5:00 | Build | Palisade Wall |
| 5:18 | Build | Palisade Wall |
| 5:28 | Build | Palisade Wall |
| 5:29 | Build | Palisade Wall |
| 5:49 | Create | Villager (Male) |
| 6:02 | Research | Loom |
| 6:05 | Create | Villager (Male) |
| 6:32 | Build | Farm |
| 6:34 | Build | Farm |
| 6:44 | Create | Villager (Male) |
| 7:19 | Build | Palisade Wall |
| 7:25 | Research | Feudal Age |
| 7:26 | Research | Feudal Age |
| 9:04 | Build | Barracks |
| 9:08 | Create | Villager (Male) |
| 9:40 | Age | Feudal Age |
| 9:43 | Build | Watch Tower |
| 9:45 | Create | Villager (Male) |
| 9:50 | Build | Watch Tower |
| 9:51 | Create | Villager (Male) |
| 9:58 | Research | Double-Bit Axe |
| 10:15 | Build | Archery Range |
| 10:20 | Build | Archery Range |
| 10:21 | Create | Villager (Male) |
| 10:49 | Research | Double-Bit Axe |
| 10:49 | Research | Double-Bit Axe |
| 10:58 | Create | Villager (Male) |
| 11:02 | Create | Archer |
| 11:24 | Create | Villager (Male) |
| 11:32 | Build | Palisade Wall |
| 11:34 | Build | Palisade Wall |
| 11:39 | Build | Palisade Wall |
| 11:40 | Build | Palisade Wall |
| 11:44 | Build | Palisade Wall |
| 11:45 | Build | Palisade Wall |
| 11:48 | Build | Palisade Wall |
| 11:53 | Build | Settlement |
| 11:53 | Create | Villager (Male) |
| 12:06 | Create | Villager (Male) |
| 12:09 | Build | Palisade Wall |
| 12:30 | Create | Villager (Male) |
| 12:46 | Create | Villager (Male) |
| 12:49 | Build | Farm |
| 12:50 | Build | Farm |
| 12:51 | Build | Farm |
| 12:57 | Create | Villager (Male) |
| 13:01 | Create | Archer |
| 14:02 | Create | Villager (Male) |
| 14:13 | Build | Farm |
| 14:34 | Build | Outpost |
| 14:37 | Create | Villager (Male) |
| 14:44 | Build | Market |
| 14:52 | Create | Villager (Male) |
| 15:24 | Create | Villager (Male) |
| 15:48 | Create | Villager (Male) |
| 15:52 | Build | Blacksmith |
| 16:03 | Create | Villager (Male) |
| 16:50 | Research | Castle Age |
| 17:12 | Create | Archer |
| 17:22 | Build | Farm |
| 17:30 | Build | Farm |
| 17:40 | Research | Fletching |
| 17:40 | Research | Fletching |
| 18:11 | Build | Farm |
| 18:25 | Build | Outpost |
| 18:28 | Create | Villager (Male) |
| 18:32 | Build | Farm |
| 18:36 | Build | House |
| 18:37 | Build | House |
| 18:47 | Create | Archer |
| 19:30 | Age | Castle Age |
| 19:36 | Build | Castle |
| 19:40 | Research | Bow Saw |
| 19:53 | Create | Villager (Male) |
| 19:56 | Research | Bodkin Arrow |
| 20:00 | Build | University |
| 20:04 | Build | University |
| 20:10 | Create | Villager (Male) |
| 20:40 | Create | Villager (Male) |
| 20:42 | Create | Unit 2579 |
| 20:48 | Build | House |
| 20:50 | Build | House |
| 20:51 | Create | Unit 2582 |
| 20:56 | Build | Palisade Wall |
| 20:57 | Create | Villager (Male) |
| 20:59 | Build | Palisade Wall |
| 21:04 | Create | Unit 2579 |
| 21:06 | Create | Unit 2579 |
| 21:10 | Create | Villager (Male) |
| 21:16 | Create | Unit 2579 |
| 21:30 | Create | Villager (Male) |
| 21:34 | Build | Outpost |
| 21:36 | Create | Unit 2579 |
| 21:39 | Build | Farm |
| 22:04 | Research | Ballistics |
| 22:04 | Research | Ballistics |
| 22:11 | Create | Unit 2579 |
| 22:19 | Create | Villager (Male) |
| 22:22 | Create | Unit 2579 |
| 22:28 | Build | Farm |
| 22:37 | Build | Outpost |
| 22:42 | Create | Unit 2579 |
| 22:43 | Create | Villager (Male) |
| 22:56 | Create | Unit 2579 |
| 22:59 | Create | Villager (Male) |
| 23:13 | Build | Farm |
| 23:16 | Build | Farm |
| 23:21 | Build | Farm |
| 23:26 | Create | Unit 2579 |
| 23:27 | Create | Villager (Male) |
| 23:28 | Create | Villager (Male) |
| 23:29 | Create | Villager (Male) |
| 23:29 | Create | Villager (Male) |
| 23:32 | Create | Unit 2579 |
| 23:51 | Create | Unit 2579 |
| 23:56 | Create | Villager (Male) |
| 23:56 | Create | Villager (Male) |
| 23:58 | Create | Unit 2579 |
| 24:06 | Build | Farm |
| 24:19 | Create | Unit 2579 |
| 24:20 | Create | Villager (Male) |
| 24:28 | Build | Farm |
| 24:33 | Build | Farm |
| 24:42 | Create | Villager (Male) |
Build order — RedPhosphoru
First 150 of 238 actions detected
| 0:00 | Create | Villager (Male) |
| 0:00 | Create | Villager (Male) |
| 0:02 | Build | House |
| 0:03 | Build | House |
| 0:08 | Create | Villager (Male) |
| 0:13 | Create | Villager (Male) |
| 1:05 | Create | Villager (Male) |
| 1:44 | Create | Villager (Male) |
| 2:16 | Create | Villager (Male) |
| 2:38 | Create | Villager (Male) |
| 2:45 | Build | Barracks |
| 2:47 | Build | Palisade Wall |
| 3:03 | Create | Villager (Male) |
| 3:31 | Build | House |
| 3:35 | Create | Villager (Male) |
| 3:41 | Create | Militia |
| 3:52 | Create | Militia ×2 |
| 4:05 | Create | Villager (Male) |
| 4:26 | Create | Villager (Male) |
| 4:34 | Build | Palisade Wall |
| 4:39 | Build | Palisade Wall |
| 4:41 | Build | Palisade Wall |
| 4:48 | Build | Palisade Wall |
| 4:50 | Build | Palisade Wall |
| 4:54 | Create | Militia ×2 |
| 4:58 | Build | Palisade Wall |
| 5:04 | Create | Villager (Male) |
| 5:07 | Build | House |
| 5:13 | Build | Palisade Wall |
| 5:43 | Create | Villager (Male) |
| 5:49 | Build | House |
| 6:00 | Build | House |
| 6:00 | Create | Villager (Male) |
| 6:08 | Create | Villager (Male) |
| 6:18 | Create | Villager (Male) |
| 6:23 | Build | House |
| 7:14 | Create | Villager (Male) |
| 7:36 | Build | Mill |
| 7:45 | Create | Villager (Male) |
| 7:45 | Create | Villager (Male) |
| 8:13 | Create | Villager (Male) |
| 8:29 | Build | Lumber Camp |
| 8:30 | Create | Villager (Male) |
| 8:54 | Create | Villager (Male) |
| 9:31 | Create | Villager (Male) |
| 9:33 | Build | House |
| 9:55 | Create | Villager (Male) |
| 10:01 | Build | Palisade Wall |
| 10:10 | Build | Mill |
| 10:20 | Research | Loom |
| 10:35 | Build | Palisade Wall |
| 10:41 | Build | Palisade Wall |
| 10:54 | Create | Villager (Male) |
| 10:56 | Build | Farm |
| 11:05 | Build | House |
| 11:11 | Build | House |
| 11:16 | Build | Palisade Wall |
| 11:20 | Create | Villager (Male) |
| 11:30 | Build | Palisade Wall |
| 11:42 | Create | Villager (Male) |
| 11:46 | Build | Mining Camp |
| 12:30 | Create | Villager (Male) |
| 12:38 | Research | Feudal Age |
| 12:46 | Build | House |
| 12:49 | Build | Palisade Wall |
| 13:20 | Build | Farm |
| 13:29 | Build | House |
| 13:37 | Build | Farm |
| 14:06 | Build | Farm |
| 14:18 | Create | Villager (Male) |
| 14:18 | Create | Villager (Male) |
| 14:37 | Build | Palisade Wall |
| 14:56 | Build | Palisade Gate |
| 15:04 | Build | Palisade Gate |
| 15:05 | Age | Feudal Age |
| 15:17 | Build | Market |
| 15:19 | Build | Blacksmith |
| 15:23 | Create | Villager (Male) |
| 15:38 | Build | Market |
| 15:40 | Build | Blacksmith |
| 16:02 | Build | Mining Camp |
| 16:22 | Research | Castle Age |
| 16:31 | Build | Farm |
| 16:50 | Research | Gold Mining |
| 17:01 | Build | House |
| 17:09 | Build | Farm |
| 17:14 | Build | Farm |
| 17:16 | Create | Villager (Male) |
| 17:26 | Build | House |
| 17:29 | Build | House |
| 17:51 | Research | Horse Collar |
| 18:07 | Create | Villager (Male) |
| 18:12 | Build | House |
| 18:13 | Build | House |
| 18:28 | Build | Palisade Wall |
| 18:29 | Build | Palisade Wall |
| 18:29 | Build | Palisade Wall |
| 18:30 | Build | Palisade Wall |
| 19:02 | Age | Castle Age |
| 19:11 | Build | Castle |
| 19:21 | Create | Villager (Male) |
| 19:33 | Research | Double-Bit Axe |
| 19:36 | Create | Unit 1974 |
| 19:52 | Build | Farm |
| 19:54 | Build | House |
| 19:59 | Build | Stone Wall |
| 20:03 | Build | Farm |
| 20:11 | Create | Villager (Male) |
| 20:19 | Research | Bow Saw |
| 20:24 | Build | Farm |
| 20:28 | Create | Unit 1968 |
| 20:29 | Create | Unit 1968 |
| 20:30 | Create | Villager (Male) |
| 20:48 | Create | Villager (Male) |
| 20:51 | Create | Unit 1968 |
| 20:57 | Create | Unit 1968 |
| 21:00 | Create | Villager (Male) |
| 21:16 | Create | Unit 1968 |
| 21:19 | Create | Villager (Male) |
| 21:26 | Build | Farm |
| 21:37 | Create | Unit 1968 |
| 21:44 | Create | Unit 1968 |
| 21:45 | Create | Villager (Male) |
| 21:52 | Research | Wheelbarrow |
| 22:05 | Create | Unit 1968 |
| 22:17 | Build | University |
| 22:21 | Build | Stone Wall |
| 22:25 | Create | Villager (Male) |
| 22:27 | Create | Unit 1968 |
| 22:30 | Create | Villager (Male) |
| 22:43 | Research | Fletching |
| 22:43 | Research | Fletching |
| 22:43 | Create | Unit 1968 |
| 22:54 | Create | Unit 1968 |
| 23:02 | Create | Unit 1968 |
| 23:05 | Create | Villager (Male) |
| 23:17 | Create | Villager (Male) |
| 23:26 | Create | Unit 1968 |
| 23:40 | Create | Unit 1968 |
| 23:48 | Research | Bodkin Arrow |
| 24:05 | Create | Unit 1968 |
| 24:05 | Create | Unit 1968 |
| 24:20 | Create | Villager (Male) |
| 24:22 | Create | Villager (Male) |
| 24:25 | Build | Mill |
| 24:26 | Build | Farm |
| 24:26 | Build | Farm |
| 24:26 | Build | Farm |
| 24:26 | Build | Farm |
| 24:27 | Build | Farm |
Match timeline
| 2:45 | RedPhosphoru · first_building Barracks |
| 2:47 | RedPhosphoru · wall_segment Palisade Wall x1 |
| 4:34 | RedPhosphoru · wall_segment Palisade Wall x1 |
| 4:39 | RedPhosphoru · wall_segment Palisade Wall x1 |
| 4:41 | RedPhosphoru · wall_segment Palisade Wall x1 |
| 4:45 | Survivalist · wall_segment Palisade Wall x1 |
| 4:48 | RedPhosphoru · wall_segment Palisade Wall x1 |
| 4:50 | RedPhosphoru · wall_segment Palisade Wall x1 |
| 4:58 | Survivalist · wall_segment Palisade Wall x1 |
| 4:58 | RedPhosphoru · wall_segment Palisade Wall x1 |
| 4:59 | Survivalist · wall_segment Palisade Wall x1 |
| 4:59 | Survivalist · wall_segment Palisade Wall x1 |
| 5:00 | Survivalist · wall_segment Palisade Wall x1 |
| 5:13 | RedPhosphoru · wall_segment Palisade Wall x1 |
| 5:18 | Survivalist · wall_segment Palisade Wall x1 |
| 5:28 | Survivalist · wall_segment Palisade Wall x1 |
| 5:29 | Survivalist · wall_segment Palisade Wall x1 |
| 7:19 | Survivalist · wall_segment Palisade Wall x1 |
| 9:04 | Survivalist · first_building Barracks |
| 9:40 | Survivalist · age_up feudal |
| 10:01 | RedPhosphoru · wall_segment Palisade Wall x4 |
| 10:15 | Survivalist · first_building Archery Range |
| 10:35 | RedPhosphoru · wall_segment Palisade Wall x18 |
| 10:41 | RedPhosphoru · wall_segment Palisade Wall x7 |
| 11:16 | RedPhosphoru · wall_segment Palisade Wall x1 |
| 11:30 | RedPhosphoru · wall_segment Palisade Wall x9 |
| 11:32 | Survivalist · wall_segment Palisade Wall x1 |
| 11:34 | Survivalist · wall_segment Palisade Wall x1 |
| 11:39 | Survivalist · wall_segment Palisade Wall x1 |
| 11:40 | Survivalist · wall_segment Palisade Wall x1 |
| 11:44 | Survivalist · wall_segment Palisade Wall x1 |
| 11:45 | Survivalist · wall_segment Palisade Wall x1 |
| 11:48 | Survivalist · wall_segment Palisade Wall x1 |
| 12:09 | Survivalist · wall_segment Palisade Wall x1 |
| 12:49 | RedPhosphoru · wall_segment Palisade Wall x5 |
| 14:37 | RedPhosphoru · wall_segment Palisade Wall x1 |
| 15:05 | RedPhosphoru · age_up feudal |
| 15:57 | Survivalist · first_market_buy 100 food |
| 16:17 | RedPhosphoru · first_market_buy 100 food |
| 16:32 | Survivalist · first_market_sell 100 wood |
| 18:28 | RedPhosphoru · wall_segment Palisade Wall x1 |
| 18:29 | RedPhosphoru · wall_segment Palisade Wall x1 |
| 18:29 | RedPhosphoru · wall_segment Palisade Wall x1 |
| 18:30 | RedPhosphoru · wall_segment Palisade Wall x1 |
| 19:02 | RedPhosphoru · age_up castle |
| 19:11 | RedPhosphoru · first_building Castle |
| 19:30 | Survivalist · age_up castle |
| 19:36 | Survivalist · first_building Castle |
| 19:59 | RedPhosphoru · wall_segment Stone Wall x9 |
| 20:56 | Survivalist · wall_segment Palisade Wall x1 |
| 20:59 | Survivalist · wall_segment Palisade Wall x1 |
| 22:21 | RedPhosphoru · wall_segment Stone Wall x9 |
| 29:46 | RedPhosphoru · first_building Siege Workshop |
| 31:03 | RedPhosphoru · first_market_sell 100 wood |
| 32:23 | Survivalist · age_up imperial |
| 32:49 | RedPhosphoru · resign |
[ AI ANALYSIS · 1 CREDIT ]
What really happened in this match?
Wolo.gg analyzes every decision: build order, eco, micro, common mistakes by bracket. Personalized analysis on WhatsApp or Discord in 30 seconds.
Civ guide
Tupi
Perfil
Jugador #247224